 Dungeon Crawl Stone Soup version 0.19-a0-1071-g4ed3155 (webtiles) character file.

21 mistymad the Skirmisher (level 3, -4/30 HPs)
             Began as a Formicid Abyssal Knight on Aug 5, 2016.
             Was a Follower of Lugonu.
             Slain by Crazy Yiuf
             ... wielding a +2 quarterstaff of chaos
              (5 damage)
             ... on level 2 of the Dungeon.
             The game lasted 00:01:36 (765 turns).

mistymad the Skirmisher (Formicid Abyssal Knight)    Turns: 765, Time: 00:01:37

Health: -4/30      AC:  3    Str: 17    XL:     3   Next: 5%
Magic:  4/4        EV: 11    Int: 11    God:    Lugonu [*.....]
Gold:   26         SH:  0    Dex: 10    Spells: 0 memorised, 2 levels left

rFire  + . .     SeeInvis +     a - +1 hand axe
rCold  + . .     Gourm    .     b - +0 leather armour
rNeg   . . .     Faith    .     (no shield)
rPois  +         Spirit   .     (helmet unavailable)
rElec  +         Dismiss  .     (no cloak)
rCorr  +         Reflect  .     (no gloves)
SustAt .         Harm     .     (no boots)
MR     .....                    (no amulet)
Stlth  +.........               (no ring)
                                (no ring)

@: lethally poisoned (-4 -> -9), resistant, drained
A: permanent stasis, dig shafts and tunnels, four strong arms, antennae 3
a: Dig, Shaft Self, Depart the Abyss, Renounce Religion


You were on level 2 of the Dungeon.
You worshipped Lugonu.
Lugonu was aware of your devotion.
You were not hungry.

You visited 1 branch of the dungeon, and saw 2 of its levels.
You visited the Abyss 1 time.

You collected 26 gold pieces.

Inventory:

Hand Weapons
 a - a +1 hand axe (weapon)
Armour
 b - a +0 leather armour (worn)
Scrolls
 e - a scroll of enchant armour {unknown}
 f - a scroll of remove curse {unknown}
 h - a scroll of immolation {unknown}
 i - a scroll of enchant weapon {unknown}
 k - a scroll of recharging {unknown}
 l - a scroll of identify {unknown}
Comestibles
 c - 3 bread rations
 d - a royal jelly
 g - a beef jerky


   Skills:
 + Level 3.7(3.4) Fighting
 + Level 2.0(1.7) Axes
 + Level 2.5(2.3) Armour
 + Level 1.5(1.2) Dodging
 - Level 2.1(1.9) Invocations


You had 2 spell levels left.
You didn't know any spells.

Dungeon Overview and Level Annotations

Branches:
Dungeon (2/15)

Altars:

Annotations:
D:2 Crazy Yiuf


Innate Abilities, Weirdness & Mutations

You are under a permanent stasis effect.
You can dig through walls and to a lower floor.
Your four strong arms can wield two-handed weapons with a shield.
You have a pair of large antennae on your head. (SInv)


Message History

Crazy Yiuf is moderately wounded.
Crazy Yiuf hits you with a quarterstaff of chaos.
You feel drained.
Crazy Yiuf hits you with a quarterstaff of chaos!
You are poisoned.
You take 14 damage, and have 14/30 hp.
MASSIVE DAMAGE!!
You closely miss Crazy Yiuf.
Crazy Yiuf is moderately wounded.
You feel sick.
Crazy Yiuf hits you with a quarterstaff of chaos!
* * * LOW HITPOINT WARNING * * *
Crazy Yiuf burns you.
* * * LOW HITPOINT WARNING * * *
You take 12 damage, and have 2/30 hp.
MASSIVE DAMAGE!!
It was a potion of resistance.
You feel protected.
* * * LOW HITPOINT WARNING * * *
You feel sick.
Crazy Yiuf hits you with a quarterstaff of chaos.
You die...

..##.###.# .....#
#.. { ..#### #...
..# ##### ..####
..(..####♣♣♣♣♣
####..#..P.♣.♣♣♣
####
##....P..♣..♣#...#
#......♣♣♣♣.@g..#
##....♣♣ ♣♣#..)#
####♣♣ ####


You could see Crazy Yiuf.

Vanquished Creatures
  A dart slug (D:1)
  A giant gecko (D:1)
  2 giant cockroaches (D:1)
  A goblin (D:1)
  A hobgoblin (D:1)
  2 kobolds
  4 bats (D:1)
  A giant newt (D:1)
  4 rats (D:1)
17 creatures vanquished.

Notes
Turn   | Place    | Note
-------+----------+-------------------------------------------
     0 | Abyss:1  | mistymad the Formicid Abyssal Knight began the quest for the Orb.
     0 | Abyss:1  | Reached XP level 1. HP: 18/18 MP: 2/2
     0 | D:1      | Escaped the Abyss
    25 | D:1      | Reached skill level 1 in Dodging
   114 | D:1      | Reached XP level 2. HP: 24/24 MP: 3/3
   152 | D:1      | Reached * piety under Lugonu
   521 | D:1      | Reached XP level 3. HP: 20/30 MP: 4/4
   755 | D:2      | Found a runed door.
   759 | D:2      | Noticed Crazy Yiuf
   765 | D:2      | HP: 1/30 [poisoned by Crazy Yiuf]
   765 | D:2      | Slain by Crazy Yiuf

Vault maps used:
D:1:      dpeg_arrival_windows_large_door
D:2:      grunt_qazlal_sundering, uniq_crazy_yiuf_cottage, uniq_jessica
Abyss:1:  evilmike_abyss_exit_vortex

Skill      XL: |  1 |
---------------+----+-----
Dodging        | 1 |  1.5
Fighting       | |  3.7
Axes           | |  2.0
Armour         | |  2.5
Invocations    | |  2.1

Action                   || total
-------------------------++-------
Melee: Hand axe          ||    44
Invok: Depart the Abyss  ||     1
  Use: Potion            ||     1
Armor: Leather armour    ||    15
Dodge: Dodged            ||    20
